AoeStats
← [Sacred Fart] Mr. Bober

Coastal Forest

510813379Analyzed
4v4 RM · 11h ago on Oct 2, 2026· 31m 55s· 8 players
Game mode
Random Map
Map size
Large (8 player)
Population
200
Speed
Normal
Resources
Standard
Victory
Conquest
Starting age
Dark Age
Ending age
Imperial Age
RankedLock teamsTeams togetherTeam positionsShared explorationLock speedFull tech treeHidden civsTurbo modeCheats
Victory
Defeat
🇬🇧 Khmer · United Kingdom
1310
+15
1303
+15
🇩🇪 Persians · Germany
1284
+16
🇬🇧 Ethiopians · United Kingdom
1269
+16
🇭🇺 Danes · Hungary
1348
-18
🇭🇰 Khmer · Hong Kong SAR China
1318
-17
🇷🇴 Mongols · Romania
1241
-14
🇦🇷 Varangians · Argentina
1216
-13
DizzyLeChuck
6:55 Loom
9:16 Feudal Age
10:19 Double-Bit Axe
12:57 Fletching
19:52 Padded Archer Armor
19:33 Horse Collar
24:57 Castle Age
23:45 Town Watch
25:17 Crossbowman
25:53 Bodkin Arrow
26:14 Leather Archer Armor
26:07 Thumb Ring
27:12 Ballistics
29:05 Wheelbarrow
31:56 Hand Cart
[Sacred Fart] Mr. Bober
10:32 Feudal Age
14:35 Castle Age
16:03 Loom
17:18 Horse Collar
17:27 Double-Bit Axe
18:55 Bow Saw
22:54 Wheelbarrow
23:08 Heavy Plow
24:26 Wheelbarrow
24:17 Town Watch
29:44 Imperial Age
27:50 Scale Barding Armor
27:55 Forging
28:06 Bloodlines
27:56 Husbandry
29:36 Hand Cart
29:45 Chain Barding Armor
29:23 Heavy Camel Rider
32:08 Plate Barding Armor
[Sacred Fart] Turk Turkelton
7:41 Loom
10:48 Feudal Age
11:21 Double-Bit Axe
11:18 Horse Collar
13:34 Bloodlines
13:29 Scale Mail Armor
13:38 Scale Barding Armor
13:44 Forging
19:15 Town Watch
21:10 Wheelbarrow
24:49 Castle Age
23:49 Gold Mining
25:30 Husbandry
26:00 Chain Barding Armor
26:02 Bow Saw
25:54 Heavy Plow
26:28 Hand Cart
26:32 Light Cavalry
31:45 Stone Mining
AoR | StubbyTheAngryBeaver
7:09 Loom
10:42 Feudal Age
22:17 Castle Age
20:37 Bloodlines
22:16 Double-Bit Axe
22:14 Horse Collar
22:53 Scale Barding Armor
22:58 Forging
22:20 Light Cavalry
23:55 Chain Barding Armor
26:27 Husbandry
31:19 Iron Casting
AoM92
7:35 Loom
9:51 Feudal Age
11:50 Double-Bit Axe
11:49 Horse Collar
25:40 Castle Age
24:16 Gold Mining
26:56 Bloodlines
30:20 Scale Barding Armor
Sageata
8:52 Feudal Age
9:27 Double-Bit Axe
9:47 Loom
9:49 Horse Collar
22:05 Castle Age
21:19 Bloodlines
21:16 Scale Barding Armor
21:22 Forging
23:52 Chain Barding Armor
23:43 Husbandry
26:22 Iron Casting
27:03 Wheelbarrow
29:39 Fletching
30:23 Bodkin Arrow
[TYN] Shamburger
3:18 Loom
11:20 Feudal Age
12:40 Town Watch
14:09 Double-Bit Axe
17:20 Castle Age
16:18 Forging
16:13 Scale Barding Armor
16:56 Bloodlines
18:27 Fishing Lines
18:57 Scale Barding Armor
20:10 Horse Collar
22:38 Husbandry
22:05 Light Cavalry
27:27 Iron Casting
27:12 Chain Barding Armor
27:19 Chain Barding Armor
28:01 Wheelbarrow
虫
11:29 Feudal Age
15:56 Castle Age
14:57 Double-Bit Axe
14:54 Horse Collar
15:59 Loom
16:14 Gold Mining
22:40 Wheelbarrow
23:03 Heavy Plow
24:33 Bow Saw
24:48 Hand Cart
27:48 Gold Shaft Mining
27:03 Stone Mining
32:09 Husbandry
32:20 Bloodlines
Connection lost

Rejoining the realm…

Still unreachable

The connection could not be restored.

Session expired

The server has moved on; the page needs a fresh start.